[Event "44th Chess Olympiad Open 2022"]
[Site "Chennai"]
[Date "2022.08.07"]
[Round "9.31"]
[White "Arvelo Leo, Gian Carlo"]
[Black "Maerevoet, Sim"]
[Result "1/2-1/2"]
[WhiteElo "2176"]
[BlackElo "2409"]
[Annotator "TA"]
[PlyCount "147"]
[EventDate "2022.??.??"]
[TimeControl "60"]

1. Nf3 d5 2. g3 g6 3. Bg2 Bg7 4. d4 c6 5. O-O Nf6 6. c3 O-O 7. Bf4 {[%emt 0:01:24] D02:1 d4 d5 2 Nf3 sidelines, including 2...Nf6 3 g3
and 2...Nf6 3 Bf4.} Nh5 8. Bc1 {[%emt 0:03:30] [#]} Nd7 $146 ({Predecessor:} 8... Bf5 9. Nbd2 Nd7 10. h3 Nhf6 11. g4 Be4 12.
Nxe4 Nxe4 13. Ng5 Nxg5 14. Bxg5 h6 {0-1 (48) Rausch,E (1738)-Hommel,N (2065)
Berlin 2019}) 9. Na3 Nb6 10. Re1 Bf5 11. Nh4 Bg4 12. h3 Be6 13. Nf3 Nf6 14. Bf4 Qc8 (14... Ne4 {seems wilder.}
15. h4 Re8 16. Ng5 Bf5) 15. Kh2 Ne4 16. Rf1 h6 17. Nd2 Nd6 18. Re1 g5 19. Be5 f6 20. Bxd6 exd6 21. e4 dxe4 22. Nxe4 Qd7 23. Nd2 f5 24. Nf3 Nd5 25. c4 Nf6 26.
d5 cxd5 27. Nd4 Bf7 28. cxd5 Nxd5 ({Don't do} 
28... Bxd5 29. Bxd5+ Nxd5 30. Qb3 $16 (30. Ne6 Ne7 $16)) 29. Ne6 Nf6 30. Nxf8 Rxf8 31.
Rc1 Ne4 32. Re2 d5 (32... Bxa2 $2 33. b3 $18) 33. Qd3 Qd6 34. Nb5 Qb6 35. Rcc2 d4 36. b4 {[%emt 0:03:26] Prevents Nc5.} (36.
Bxe4 $11 fxe4 37. Rxe4) 36... a6 $17 37. Nc7 Nc3 ({Worse is} 37... Qxb4 38. Bxe4 fxe4 39. Qxe4) (37... Be5
$1 $17 38. Bxe4 fxe4 39. Rxe4 Bxc7) 38. Re7 $11 Qxb4 (38... Qd6 $2 39. Rxf7 $1 Rxf7 40. Rxc3 Rxc7 41. Rxc7 Qxc7 42. Qxf5 $18
) (38... Kh8 $1 $11) 39. Rd7 $16 {[%emt 0:00:00] Hoping for Bd5.} Qa5 {[%emt 0:
00:00] [#] Prevents Bd5.} (39... Bxa2 40. Rxa2 $1 Rf7 41. Rxf7 Kxf7 42. Qxf5+
Kg8 43. Qe6+ Kh7 44. Nd5 $18) 40. Rb2 (40. Nd5 $1 $16 Kh8 41.
Nxc3 dxc3 42. Bxb7 (42. Rxb7 Kg8 $16)) 40... b6 $1 $11 41.
Qxa6 Qxa6 42. Nxa6 b5 43. Nc7 {[%emt 0:03:38] Against Be6} Bc4 {[%emt 0:00:00]
Prevents Bf1.} 44. Nd5 (44. Bc6 $14) 44... Rf7 45. Rd8+ Kh7 46. Nxc3 (46.
Nb6 $5 ) 46... dxc3 47. Rc2 Bf6
{[%emt 0:01:53] Black has compensation.} 48. Rd6 Be5 49. Rd8 Bf6 {[%emt 0:01:30] This bishop pair is nice.}
50. Rd6 Be5 51. Rd8 Ra7 {
[%emt 0:03:08] White must now prevent ...b4.} 52. Bd5 $1 Bf6
$1 $36 {[%emt 0:00:09] White is under pressure.} 53. Bxc4 Bxd8 54. Bxb5 {[%emt 0:00:07] Endgame KRB-KRB} Kg7 55. Rxc3 Rxa2 56. Re3 (56.
Kg2 $11) 56... Rxf2+ $15 57. Kh1 $1 f4 58. Re2 (58. Rd3 $15) 58... Rf3 59. gxf4 Rxh3+ 60. Kg2 {[%emt 0:00:00] 
[#]} g4 ({Better is} 60... Rb3 $1 $17 61. fxg5
Rxb5 62. gxh6+ Kxh6) 61. Rd2 $11 {[%emt 0:01:44] The position is equal.} Ba5 62. Rd3 Rh4 63. Be8 Kf8 64. Bg6 Kg7 65.
Be8 Kf8 66. Bg6 Ke7 67. Rd5 Bc7 68. Rh5 Rxh5 69. Bxh5 Bxf4 70. Bxg4 {[%emt 0:00:05] KB-KB} Bg3 71. Bh5 Bf4 72. Bf3 Bg3 73. Kxg3 h5 74. Bxh5 {[%emt 0:00:37] Weighted Error
Value: White=0.13 (very precise) /Black=0.14 (very precise)} 1/2-1/2

[Event "44th Chess Olympiad Open 2022"]
[Site "Chennai"]
[Date "2022.08.07"]
[Round "9.32"]
[White "Cardoso Cardoso, Jose Gabriel"]
[Black "Berend, Fred"]
[Result "1-0"]
[WhiteElo "2493"]
[BlackElo "2307"]
[Annotator "TA"]
[PlyCount "115"]
[EventDate "2022.??.??"]
[TimeControl "60"]

1. e4 e6 2. d4 d5 3. Nc3 Bb4 4. e5 c5 5. a3 Bxc3+ 6. bxc3 Ne7 7. Qg4 Qc7 8.
Bd3 c4 9. Be2 (9. Qxg7 $2
Rg8 10. Qxh7 cxd3 11. Qxd3 Rxg2 $19) 9... Qa5 {[%emt 0:00:29] C18: French: 3
Nc3 Bb4: Main line: 7 h4 and 7 Qg4.} 10. Bd2 (10. Qxg7 $2
Qxc3+ 11. Bd2 (11. Kf1 $2 Rg8 $19) 11... Qxa1+ $19) 10... Nf5 11. Nh3 {[%emt 0:03:24] 11.h4 gains popularity.} Nc6 {[%emt 0:06:20] The
position is equal.} 12. Nf4 Bd7 13. Nh5 O-O-O {[%emt 0:08:30] [#]} 14. Qf4 $146 ({
Predecessor:} 14. Qh3 Rhg8 15. g4 Nfe7 16. Qe3 Rdf8 17. f4 f6 18. O-O Be8 19.
exf6 gxf6 20. Kh1 {½-½ (46) Arakhamia Grant,K (2364)-Rozentalis,E (2509)
Dundee 2017}) 14... Rhg8 15. g4 Nfe7 (15... g5 16. Qf3 Nh4 17. Qh3 $14 (17. Qxf7 Rgf8 $11))
16. Qg5 h6 17. Qe3 Qa4 18. Ra2 Kb8 19. h4 Ka8 20. Ng3 ({
White should try} 20. Qh3 $11) 20... Rdf8 (20... Qb5 $5 21. O-O Qa4 $11) 21. h5 Qa5 22.
a4 f6 23. f4 fxe5 (23... Qb6 $17 24. O-O fxe5) 24. dxe5 $11 g5 (24... Rf7 $5 ) 25. hxg6 $1 Nxg6 26. Nh5 d4 (26... Qb6 $2 27.
Qxb6 axb6 28. Nf6 $18) 27. cxd4 {[%emt 0:01:16] [#]} (27. Qg3 $11) 27... c3 $1
$17 (27... Qd5 28. Bf3 Qxd4 29. Nf6 Qxe3+ 30. Bxe3 Ngxe5 31.
fxe5 Nxe5 32. Nxg8 Nxf3+ 33. Ke2 Rxg8 34. Rxh6 $18) 28. Qxc3 Qd5 29. O-O Qxa2 $2 (29... Nxd4 $19 30. Bc4 Qc6) 30. Bc4 $11 Nxd4 31. Qxd4 Qa3 {[%emt 0:02:36] Loses the game.}
32. Be3 $18 {[%emt 0:03:47][%csl Ge3][%cal Rd4a7] A strong pair of Bishops.} b6 (32... Qxa4 $2 33. Ra1 Nxe5 34. Qxe5 $18) 33. Nf6 Bc8 34. Nxg8 {[%emt 0:00:00] Really sharp!}
Rxg8 35. a5 Qxa5 36. Ra1 Qc5 {[%emt 0:00:00] [#]} (36... Nxe5 $142 37. Qe4+ (37. Rxa5
Nf3+ 38. Kf2 Nxd4 $14) 37... Bb7 38. Rxa5 Nf3+ 39. Qxf3 Bxf3 40. Bxb6 Rxg4+ 41.
Kf2 Rxf4 42. Rxa7+ Kb8 43. Bc7+ Kxa7 44. Bxf4 Bd1) 37. Rxa7+ $3 Kb8 {[%emt 0:00:00] [#]} (37... Kxa7 38. Qa1+) 38. Qe4 $1 Qxe3+ (38... Kxa7 39. Bxc5) 39. Qxe3 Kxa7 40. f5 {[%emt 0:00:42] Black must now
prevent Qa3+.} Nxe5 41. Qxe5 Rxg4+ 42. Kf1 Rxc4 {[%emt 0:00:00] Endgame KQ-KRB} 43. f6 Ba6 44. Ke1 Rxc2 45. f7 Rc1+ 46. Kd2 Rf1 47. f8=Q {[%emt 0:00:11] Decoy} Rxf8 48. Qg7+ Bb7 49. Qxf8 Bd5 50. Qxh6 Ka6 {[%emt 0:00:14] White mates.} 51. Kc3 Kb5 52. Qf8 Ka5 53. Qe8 Ka6 54. Kb4 Ka7 55. Kb5 Bb7 56. Qe7 e5 57. Qa3+ Kb8 58. Kxb6 {[%emt 0:00:00] Weighted Error Value: White=0.17 (very precise) /
Black=0.41} 1-0

[Event "44th Chess Olympiad Open 2022"]
[Site "Chennai"]
[Date "2022.08.07"]
[Round "9.32"]
[White "Sanchez, Sebastian Felipe"]
[Black "Steil-Antoni, Fiona"]
[Result "1-0"]
[WhiteElo "2440"]
[BlackElo "2218"]
[Annotator "TA"]
[PlyCount "55"]
[EventDate "2022.??.??"]
[TimeControl "60"]

1. d4 f5 2. Bg5 c6 3. e3 Qb6 4. Nd2 Qxb2 5.
Bd3 e6 {[%emt 0:02:46] [#]} 6. Nc4 $146 {[%emt 0:23:01] A80:
Dutch Defence: Unusual White second moves.} (6. Nh3 $16) ({Predecessor:} 6. Ne2
d5 7. Nf4 g6 8. h4 Bg7 9. h5 e5 10. Rb1 Qa3 11. dxe5 Na6 12. hxg6 {1-0 (27)
Zucchelli,M (2215)-Campanile,A (2255) Porto San Giorgio 1995}) 6... Qb4+ $1 $14 7. Kf1 {[%emt 0:02:38][%cal Yc2c3] White has compensation.} b5 8. Rb1 {[%emt 0:00:58] White is better.} Qa4 9. Ne5 g6 {[%emt 0:01:57] Prevents Qh5.} 10. Ne2 {[%emt 0:02:
12] 0x0.0005ec18fd53dp-1022s more active pieces.} ({Better is} 10. e4 $1 $16 ) 10... Be7 (10... Bg7 $14) 11. h4 $1 $16 Qa5 (11... Ba6 $16) 12. Nf4 $18 {[%emt 0:20:
35] Threatens to win with e4.} Qd8 $2 (12... d6 {might work
better.}) 13. Qf3 d5 $2 {[%emt 0:14:04] [#]} (
13... d6 {was necessary.}) 14. g4 (14. h5 $142 $1 Bxg5 15. hxg6) 14... Nf6 (14... a5 $142 15. Nxe6 Bxe6)
15. gxf5 exf5 16. Qg3 Rg8 17. f3 $2 (17. h5 $18 {is more deadly.} Ne4
18. Bxe4 Bxg5 {[#]} 19. hxg6 $1 hxg6 20. Bg2) 17... Qa5 $2 (
17... a6 $16 {was worth a try.} 18. Qh2 Ra7) 18. Ke2 (18. h5
$18 Nxh5 19. Nxh5 gxh5 20. Rxh5) 18... b4 $2 {[%emt 0:00:09] A mistake that
costs the game.} (18... Qc7 $16) 19. h5 Ba6 20. hxg6 Qxa2 21. Kd2 Bxd3 22. Nfxd3 b3 23. Rxb3 {[%emt 0:00:09] Bxf6 is the strong threat.} hxg6 24. Qh4 Qa5+ 25. Ke2 Qd8 26. Rb7 (26. Bxf6 $142 Bxf6 27. Qh7 Rg7
28. Qh8+ Ke7 29. Rb7+ Nd7 30. Nxc6+ Ke6 31. Nxd8+ Rxd8 32. Qh6) 26... Nbd7 27. Nxd7 Nxd7 28. Bxe7 {
[%emt 0:00:09] Weighted Error Value: White=0.55/Black=1.74} 1-0

[Event "44th Chess Olympiad Open 2022"]
[Site "Chennai"]
[Date "2022.08.07"]
[Round "9.32"]
[White "Berend, Elvira"]
[Black "Avila Pavas, Santiago"]
[Result "0-1"]
[WhiteElo "2333"]
[BlackElo "2453"]
[Annotator "TA"]
[PlyCount "84"]
[EventDate "2022.??.??"]
[TimeControl "60"]

1. e4 c6 2. d4 d5 3. e5 Bf5 4. Nf3 e6 5. Be2 c5 6. O-O Nc6 7. Be3 Qb6 8. Nc3 {[%emt 0:09:12] B12: Caro-Kann: Advance
Variation.} Qxb2 9. Nb5 {[%emt 0:01:16] Strongly threatening
Nc7+.} c4 10. Nc7+ {[%emt 0:40:27] 10.Rb1 is vanishing.} ({
White should play} 10. Rb1 $1 $14 Qxa2 11. Nc7+ Kd8 12. Ra1 (12. Nxa8 Bxc2 13.
Ra1 Bxd1 $14) 12... Qxc2 13. Qxc2 (13. Nxa8 Qxd1 14. Rfxd1 Kc8 $11) 13... Bxc2
14. Nxa8) 10... Kd7 $1 $15 11. Nxa8 {[%emt 0:00:30] Threatens
to win with Rb1.} Bxc2 12. Qc1 Ba3 {[%emt 0:
00:00] Black has compensation.} 13. Ne1 Bg6 {[%emt 0:01:39]
White must now prevent ...Nge7.} 14. Qd1 $1 {[%emt 0:00:38][%cal Ye2d3] [#]}
Nge7 $146 ({Predecessor:} 14... b5 15. h4 h5 16. Bd3 cxd3 17.
Rb1 Qe2 18. Qb3 b4 19. Rd1 Nge7 20. Qa4 Rxa8 {0-1 (49) Dechant,G (2065)
-Dornieden,J (1912) Braunschweig 2019}) 15. Nd3 Qb5 $36 {
[%emt 0:23:59] Black has strong initiative.} (15... cxd3 16. Bxd3 Rxa8 17. Bxg6
hxg6 18. Rb1 Qxa2 19. Qa4) 16. Nf4 Rxa8 {[%emt 0:00:35]
Active counter play!} 17. Nxg6 hxg6 18. Rb1 {
[%emt 0:01:54] [#]} Qa6 19. g4 b5 20. Kg2 (20. f4 $17) 20... Bb4 $19 21. Qc2 {[%emt 0:00:57] Inhibits Bc3.} Ba5 (
21... Qa3 $19 22. Qb2 Qxb2 23. Rxb2 a6) 22. h4 {[%emt 0:00:27] [#]} ({Better is
} 22. a3) 22... Bb6 $1 $17 23. Rfd1 Rh8 24. Kg3 (24. a3 $142) 24... b4 25. Bf1 Qa3 26. Qb2 Qxb2 {
[%emt 0:00:14] Dancing on a razor blade.} 27. Rxb2 a5 28. Be2 a4 29. Rc1 Rc8 (29... Bxd4 $2 30. Bxd4 Nxd4 31.
Bxc4 dxc4 32. Rd2 $19) 30. Bd1 Ra8 ({And not
} 30... Bxd4 31. Bxd4 Nxd4 32. Rxb4 $17 (32. Bxa4+ $2 Kc7 $19)) 31. f4 (31. Kg2 {was called for.}) 31... Ra7 {[%emt 0:02:24] ...b3 is
the strong threat.} 32. Rcb1 Kc7 33. Rxb4 Nxb4 34. Rxb4 a3 35. Ra4 Nc6 36. Rxa7+ Bxa7 $19 {[%emt 0:00:06] Endgame KBB-KBN} (36... Nxa7 $2 {too greedy.} 37. Ba4
$19) 37. Bc1 Nxd4 38. Bxa3 c3 {[%emt 0:09:30][%cal Yc4c3,Yc3c2] And now ...c2 would win.} 39. Ba4 c2 40. Kh3 {[%emt 0:00:05] [#]} (
40. Bb2 $142 Bc5 41. Be8) 40... Bc5 $1 {[%emt 0:03:49] Black is clearly
winning.} 41. Bb2 {[%emt 0:34:00] [#]} Bb4 $1 42. h5 {[%emt 0:
00:00] [#]} Bd2 $1 {[%emt 0:00:00] Weighted Error Value: White=0.31/Black=0.13
(very precise)} 0-1

[Event "44th Chess Olympiad Open 2022"]
[Site "Chennai"]
[Date "2022.08.07"]
[Round "9.32"]
[White "Gengler, Pierre"]
[Black "Valderrama Quiceno, Esteban Alb"]
[Result "0-1"]
[WhiteElo "2194"]
[BlackElo "2436"]
[Annotator "TA"]
[PlyCount "76"]
[EventDate "2022.??.??"]
[TimeControl "60"]

1. g3 d5 2. Bg2 e5 3. d4 exd4 4. Nf3 c5 5. O-O Nf6 6. b4 {[%emt 0:08:34] A00:
Irregular Openings.} cxb4 {[%emt 0:07:19] [#]} 7. Nxd4 $146 ({
Predecessor:} 7. Bb2 Be7 8. Nxd4 O-O 9. Nd2 Nc6 10. N2f3 Ne4 11. Rb1 Qa5 12.
Nxc6 bxc6 13. Ne5 {0-1 (30) Pfleger,M (2252)-Schlager,T (2251) Germany 2009})
7... Be7 8. Bf4 ({White should try} 8. a3 $11
) 8... O-O 9. c3 Nc6 10.
Nxc6 bxc6 11. cxb4 Bxb4 12. Qa4 Qb6 13. Nd2 {[%emt 0:
00:00] Strongly threatening Rab1.} c5 14. Rab1 {[%emt 0:08:36]
[#]} (14. a3 $142 Bxd2 15. Bxd2) 14... Qa6 $1 $17 15. Qc2 Qxe2 16. Rfe1 Qh5
{[%emt 0:01:03] Hoping for ...Bf5.} 17. Re5 {[%emt 0:02:09] Prevents Bf5.} Qg6 18. Qxg6 hxg6 ({Stronger
than} 18... fxg6 19. Rxd5 Bh3 20. Rd6 (20. Bxh3 $2 Nxd5 21. Be6+ Kh8 $19) 20...
Bxg2 21. Kxg2 $15) 19. Nb3 Bf5 20. Rc1 Ba3 21. Rce1 Be6 22. Bg5 Rfe8 23. h3 a5 24. Nc1 c4 {[%emt 0:02:58] Against Nd3} 25.
Ne2 Bb2 26. Re3 Nh7 27. Bf4 Rad8 28. Bc7 Rd7 29. Bxa5 d4 30. Re5 {[%emt 0:02:28] Black is clearly winning.}
Rc8 {[%emt 0:02:07] Inhibits Bc6.} 31. Be4 Nf6 32. Bb1 Nd5 33. Be4 d3 34. Bxd5 Bxe5 35. Bxe6 fxe6 36. Nc3 Bxc3 37. Bxc3 d2 38. Rd1 Rd3 {[%emt 0:00:05] Weighted Error Value: White=0.66/Black=0.06 (flawless)} 0-1

[Event "44th Chess Olympiad Open 2022"]
[Site "Chennai"]
[Date "2022.08.07"]
[Round "9.33"]
[White "Ashiku, Franc"]
[Black "Burgos Figueroa, Carlos E."]
[Result "0-1"]
[WhiteElo "2422"]
[BlackElo "2164"]
[Annotator "TA"]
[PlyCount "116"]
[EventDate "2022.??.??"]
[TimeControl "60"]

1. d4 Nf6 2. c4 c5 3. d5 b5 4. cxb5 a6 5. bxa6 g6 6. Nc3 Bg7 7. Nf3 O-O 8. e4 d6 9. Be2 Qa5 {[%emt 0:00:09] A58:
Benko/Volga Gambit: Lines with 5 bxa6.} 10. O-O Bxa6 11. Bd2 Bxe2 {[%emt 0:01:49] White is slightly better.
} 12. Qxe2 Qa6 13. Qd1 Nbd7 14. Qc2 Rfb8 15. a4 Qc4 16. Ra3 {[%emt 0:01:07] [#] Prevents Qb3.}
Ng4 $146 ({Predecessor:} 16... Ne8 17. Rb1 Nc7 18. b3 Qa6 19.
Ne1 Ne5 20. h3 e6 21. dxe6 Nxe6 22. Nd5 Nd4 {½-½ (59) Rahul,S (2321)
-Natsidis,C (2335) Panevezys 2017}) 17. b3 Qa6 18. Na2 (18. Rb1 $14) 18... Qe2 (18... Nde5
$1 $11 19. Bf4 Nxf3+ 20. gxf3 Ne5 21. Bxe5 Bxe5) 19. Nc1 $36 {[%emt 0:03:12]
Black is under strong pressure.} Qa6 20. Nd3 Rc8 21. Rc1 Rab8 22. Be1 (22. h3 $16 Nge5 23. Ndxe5 Nxe5 24. Nxe5 Bxe5 25. a5) 22...
Ngf6 $14 23. Nd2 Nb6 ({
Black should play} 23... Nf8 $1 $14) 24. a5 $16 Na8 25. Qc4 Nc7 26. Qxa6 ({White should try} 26. b4) 26... Nxa6 27. f3 Nd7 28. Nc4 Rb5 29. Kf1 Rcb8 30.
Rb1 $1 Bd4 31. Ke2 f5 32. Nc1 Nf6 33. Kd3 fxe4+ 34. fxe4 Ng4 35. h3 (35. Ne2 $16) 35... Ne5+ (35... Nb4+
$1 $11 {keeps the balance.} 36. Ke2 Nf6) 36. Nxe5 Bxe5 37. Ra4 Nb4+ (37... Kf7 $16 {
was worth a try.}) 38. Kc4 $1 $18 ({Don't do} 38. Bxb4 Rxb4
39. Kc2 (39. Rxb4 Rxb4 40. Kc2 Rb5 $16) 39... Rf8 $16) 38... Na6 39. Nd3 $1 Bd4 (39... Bg7 $142 40. Bc3
Bxc3 41. Kxc3 Kg7) 40. Bc3 Bxc3 41. Kxc3 R5b7 42. Kc4 Kf7 43. e5 Ke8 (43... g5
$142 44. Rf1+ Kg6 45. exd6 exd6) 44. e6 Kf8 45. b4 cxb4 46. Rbxb4 ({
Don't take} 46. Nxb4 $6 Kg7 $16) 46... Rc7+ 47. Kd4 Nxb4 48. Nxb4 {[%emt 0:00:00] Endgame KRR-KRN} Rc1 49. a6 {[%emt 0:00:00] White has strong compensation.} Rb1 50. Kc3 Rc1+ {[%emt 0:00:00] [#]} 51. Kb2 $2 ({Better is} 51. Kd3 $1 $18) 51... Rc5 $11 {[%emt 0:00:00]
Inhibits Nc6.} 52. a7 Ra8 53. Nc6 Rb5+ $1 54. Ka3 {[%emt 0:01:20] Rb4 is the strong
threat.} Rxd5 {[%emt 0:00:00] And now ...Rc5 would win.} 55. Rb4 {[%emt 0:00:
35] Strongly threatening Rb8+.} Kg7 $1 {[%emt 0:00:00] White must now prevent .
..Rc5.} 56. Kb3 (56. Rb8 $2 {[#]} Rxa7+ $3 57. Nxa7 Ra5+ 58.
Kb4 Rxa7 $19) 56... Rd1 {[%emt 0:00:20] Hoping for ...Rc1.} 57. Rb8 $2 {
[%emt 0:00:39] [#]} (57. Ka2 $11) 57... Rxa7 $3 $19 58. Kc2 (58. Rc8 Rb7+) 58... Raa1 {[%emt 0:00:23] Both players
deserved the win here. Weighted Error Value: White=0.38/Black=0.20 (precise)}
0-1

[Event "44th Chess Olympiad Open 2022"]
[Site "Chennai"]
[Date "2022.08.07"]
[Round "9.33"]
[White "Veleshnja, Zino"]
[Black "Morales Carlos"]
[Result "1-0"]
[WhiteElo "2263"]
[BlackElo "2036"]
[Annotator "NA RC"]
[PlyCount "63"]
[EventDate "2022.??.??"]
[TimeControl "60"]

1. d4 Nf6 2. Nf3 e6 3. c4 d5 4. g3 Be7 5. Bg2 O-O 6. O-O dxc4 7. Qc2 b5 8. a4 c6 9. axb5 cxb5 10. Ng5 h6 11. Nxf7 Rxf7 12. Bxa8 Bf8 13. Bg2 a6 14. Bf4 Nbd7 15. Nc3 Nb6 16. Qg6 Nbd5 17. Nxd5 exd5 18. Bxh6 Ne4 19. Bxe4 dxe4 20. Be3 Qd5 21. Rxa6 Bxa6 22. Qxa6 b4 23. Qc8 Ra7 24. Rc1 Ra2 25. Rxc4 Rxb2 26. Rc5 Qf7 27. g4 Rxe2 28. Rf5 Re1+ 29. Kg2 Qe7 30. Qc4+ Kh7 31. Rh5+ Kg6 32. Qg8 1-0

[Event "44th Chess Olympiad Open 2022"]
[Site "Chennai"]
[Date "2022.08.07"]
[Round "9.33"]
[White "Arias, Lemnys A."]
[Black "Mehmeti, Dritan"]
[Result "0-1"]
[WhiteElo "2258"]
[BlackElo "2371"]
[Annotator "RC"]
[PlyCount "108"]
[EventDate "2022.??.??"]
[TimeControl "60"]

1. d4 c5 2. d5 e5 3. e4 d6 4. c4 Be7 5. Nc3 Bg5 6. Qa4+ Kf8 7. Qc2 Bxc1 8.
Qxc1 Ne7 9. Bd3 Nd7 10. Nge2 a6 11. h4 h5 12. O-O Ng6 13.
g3 Rh6 14. Qg5 Nf6 15. f3 Bd7 16. a4 Kg8 17. Rfb1 a5 18. Kf2 Qf8 19. Ke1 Nh7 20. Qe3 Ne7 21. f4 exf4 22. gxf4 Nf6 23. Kd2 Ng4 24. Qg3 Re8 25. Rf1 Rg6 26. f5 Rf6 27. Nf4 g6 28. fxg6 fxg6 29. Nh3 Qh6+ 30. Ng5 Ref8 31. Kc2 Qg7 32. Rxf6 Rxf6 33. Be2 Ne5 34. Rf1 Kh8 35. Rf2 Ng8 36. Nd1 Bxa4+ 37. b3 Bd7 38. Nc3 Rxf2 39. Qxf2 Qf6 40. Qg3 Nh6 41. Kd2 Nhf7 42. Nxf7+ Nxf7 43. e5 Nxe5 44. Ne4 Qe7 45. Qf4 Kg7 46. Ng5 Qf6 47. Qg3 Nf7 48. Nxf7 Kxf7 49. Bd3 Qb2+ 50. Ke3 Qe5+ 51. Qxe5 dxe5 52. Be4 b6 53. d6 Kf6 54. Bd5 g5 0-1

[Event "44th Chess Olympiad Open 2022"]
[Site "Chennai"]
[Date "2022.08.07"]
[Round "9.33"]
[White "Chavez, Ricardo Ernesto"]
[Black "Pasko, Llambi"]
[Result "0-1"]
[WhiteElo "2179"]
[BlackElo "2418"]
[Annotator "TA"]
[PlyCount "72"]
[EventDate "2022.??.??"]
[TimeControl "60"]

1. e4 e5 2. Nf3 Nc6 3. Bb5 a6 4. Ba4 Nf6 5. Qe2 b5 6. Bb3 Bc5 7. c3 d6 8. O-O O-O 9. d3 h6 10. Be3 {[%emt 0:00:00] C77:
Ruy Lopez: 3...a6 4 Ba4 Nf6, unusual lines.} Bxe3 11. fxe3 Be6 12. Nbd2 {[%emt 0:00:31] The position is
equal.} Bxb3 {[%emt 0:04:02] [#]} 13. Nxb3 $146 ({Predecessor:
} 13. axb3 d5 14. exd5 Nxd5 15. g3 Qd7 16. b4 Nb6 17. Ne4 Na4 18. b3 f5 19.
bxa4 fxe4 20. dxe4 bxa4 21. Rxa4 {1-0 (32) Zhou,L (2186) -Rakhmatullaev,A 
(1921) Santiago de Compostela 2018}) 13... a5 14. a3 Rb8 15. Rad1 Nd7 16.
g4 g6 17. Qg2 Qe7 18. Kh1 Kg7 19. Rf2 Rh8 20. Rdf1 Rbf8 21. Nc1 b4 22. axb4 axb4 23. Ne2 Nc5 24. Rd1 Qe6 25. c4 b3 26. Nh4 {[%emt 0:
14:06] [#]} (26. Nc3 $15 Nb4 27. Ne1) 26... Nb4 $1 $17 27. Nc1 ({Not} 27. Nf5+ $2 Kh7 28. Nc1 gxf5 $19) 27... Ra8 (27... Qe7 $17 28. Nf3 Qe6) 28. d4 $15 exd4 29. exd4 Nxe4 30. Re2 Rhe8 {[%emt 0:00:06] White must now prevent .. .Ra1.0x0.00144d15252ddp-1022s
more active pieces.} 31. Rde1 $2 {[%emt 0:10:24] White does not recover from
this.} (31. Nf5+ $1 $15 Kh8 32. d5) 31... Ra1 32.
d5 $2 (32. Nf5+ Kh7 33. Ne3) 32... Qe7 33.
Qh3 {[%emt 0:00:52] [#]} (33. Nf3 Nc2 34. Rf1 (34. Rxe4 $2 Nxe1 35. Rxe7 Rxe7
$19)) 33... Nf2+ $1 {[%emt 0:04:43] Black is clearly winning.} 34. Rxf2 (34. Kg2 Nxh3) 34... Qxe1+ 35. Rf1 Qe4+ (35... Rxc1 $142 36. Rxe1 Rexe1+ 37. Kg2 Re2+ 38.
Kg3 Rxb2) 36. Ng2 {[%emt 0:00:06] [#]} Nd3 $1 {[%emt 0:00:30] Weighted Error
Value: White=0.92/Black=0.36} 0-1

[Event "44th Chess Olympiad Open 2022"]
[Site "Chennai"]
[Date "2022.08.07"]
[Round "9.34"]
[White "Keinanen, Toivo"]
[Black "Lim, Zhuo Ren"]
[Result "1-0"]
[WhiteElo "2477"]
[BlackElo "2318"]
[Annotator "TA"]
[PlyCount "83"]
[EventDate "2022.??.??"]
[TimeControl "60"]

1. d4 Nf6 2. Nf3 e6 3. e3 d5 4. Bd3 c5 5. c3 Nbd7 6. Nbd2 b6 7. O-O
{[%emt 0:02:24] D05: Colle System with ...e6.} Bb7 8. Ne5 Nxe5 9. dxe5 {[%emt 0:00:02] The position is
equal.} Nd7 10. f4 Be7 (
10... c4 $5 11. Bc2 Qc7 $11) 11. Qh5 g6 12. Qh6 Bf8 {[%emt 0:04:25] Against Qg7} 13.
Qh3 c4 14. Bc2 {[%emt 0:01:33] [#]} Nc5 $146 ({Predecessor:} 14... Qc7 15. Nf3 Be7 16. Nd4 a6 17. Bd2 Nc5
18. Be1 Rd8 19. Bh4 Bxh4 20. Qxh4 Qe7 {½-½ (32) Koellner,C (2111)-Leck,J 
(1975) Hofheim 2016}) 15. e4 {[%emt 0:07:03] Threatening f5.} Bg7 16. exd5 Qxd5 (16... Bxd5 $11 {remains
equal.} 17. b3 cxb3 18. axb3 a5) 17. b4 $16 {[%emt 0:01:21] White stays
focused until the end.} cxb3 18. axb3 {[%emt 0:00:04] Black
must now prevent b4.} a5 (18... b5 $16) 19. Nc4 $18 Rd8 20. Nxb6 Qc6 21.
Nc4 a4 22. Na5 ({Less
strong is} 22. bxa4 Ba6 $16) 22... Qa6 23. Nxb7 Qxb7 24. bxa4 O-O 25.
Be3 Rc8 (25... Qc7 $142 26. Bd4 Rb8) 26. Bd4 Rfd8 27. Rfb1 {[%emt 0:01:10] Against Qb2}
Qa6 28. Qe3 {[%emt 0:00:50] Prevents Qe2.} Bf8 29. a5 Rc6 30. Bd1 Rdc8 31. Bf3 R6c7 32. Rb6 Qc4 33. Rb4 Qa6 34. Be2 Qc6 35.
Rb6 Qd5 36. Rb5 Qc6 37. Qf3 Qd7 38. h3 {[%emt 0:
00:00] White is clearly winning.} h5 39. Kh2 h4 40. Qe3 Qc6 41. a6 Ra8 42. Raa5 {[%emt 0:00:00] Weighted Error
Value: White=0.07 (flawless) /Black=0.28 (precise)} 1-0